Workbook

Sheet Bon de commande
A1: ACTYCOM SAS | G1: BON DE COMMANDE
A2: 18 rue de la Vallée Burault | G2: N° commande :
A3: 86340 NOUAILLÉ-MAUPERTUIS | G3: Date : | H3: 05/08/2026
A4: SIREN 910 647 650 | G4: Réf. catalogue : | H4: catalogue NEONS 09_09_2026
A6: Client :
A7: Raison sociale :
A8: Adresse :
A9: Contact :
A10: N° TVA intracom. :
A12: Livraison à : ACTYCOM SAS – 18 rue de la Vallée Burault – 86340 NOUAILLÉ-MAUPERTUIS
A13: Cellules en jaune : à compléter avant envoi (coordonnées fournisseur, quantités).
A15: Référence OEM | B15: image | C15: Code-barres (EAN) | D15: Désignation | E15: deee en sus | F15: Prix unitaire HT (€) | G15: Prix public référence TTC (€) | H15: Quantité | I15: Total HT (€)
A16: FLN001 | C16: 5900495064165 | D16: Neon ART LED PUNK TEDDY BEAR pink-yellow FLA01 | E16: 0.24 | F16: 13 | G16: 24.9 | I16: =F16*H16 -> 0
A17: FLN002 | C17: 5900495974235 | D17: Neon ART LED GANGSTA MONKEY multicolor FLA03 | E17: 0.24 | F17: 17.55 | G17: 34.99 | I17: =F17*H17 -> 0
A18: FLN003 | C18: 5900495454225 | D18: Neon ART LED CAT DREAMER multicolor FLA04 | E18: 0.24 | F18: 13 | G18: 24.99 | I18: =F18*H18 -> 0
A19: FLN004 | C19: 5900495064073 | D19: Neon ART LED POWER WOMAN yellow-purple FLA02 | E19: 0.24 | F19: 19 | G19: 34.99 | I19: =F19*H19 -> 0
A20: FLN005 | C20: 5907457743205 | D20: Neon PLEXI LED ASTRONAUT multicolor FPNE22 Forever Light dont 0,24 deee | E20: 0.24 | F20: 14 | G20: 29.9 | I20: =F20*H20 -> 0
A21: FLN006 | C21: 5907457734760 | D21: Neon PLEXI LED GAME CONSOLE multicolor FPNE27 Forever Light | E21: 0.24 | F21: 18.55 | G21: 49.99 | I21: =F21*H21 -> 0
A22: FLN008 | C22: 5907457734777 | D22: Neon PLEXI LED GAME ON multicolor FPNE23 Forever Light | E22: 0.24 | F22: 19.67 | G22: 34.99 | I22: =F22*H22 -> 0
A23: FLN009 | C23: 5900495956163 | D23: Neon LED Light BANANA white yellow Bat + USB FLNE10 Forever Light | E23: 0.24 | F23: 11.21 | G23: 24.99 | I23: =F23*H23 -> 0
A24: FLN012 | C24: 5900495949394 | D24: Neon LED Light BOLT red Bat + USB FLNEO6 Dimensions (mm) LxWxH:34 x 2 x 13 cm | E24: 0.24 | F24: 8.03 | G24: 24.99 | I24: =F24*H24 -> 0
A25: FLN013 | C25: 5900495060235 | D25: Neon LED Light BUTTERFLY pink NNE03 Dimensions (mm) LxWxH: 190 x 19 x 275 mm | E25: 0.24 | F25: 8 | G25: 19.99 | I25: =F25*H25 -> 0
A26: FLN014 | C26: 5907457773479 | D26: Neon LED Light CAT turquoise NNE24 dont 0,24 deee dim : 23,5 * 17 cm | E26: 0.24 | F26: 7.58 | G26: 19.99 | I26: =F26*H26 -> 0
A27: FLN015 | C27: 5900495949356 | D27: Neon LED Light CAT warm white Bat + USB FLNEO3 Dimensions (mm) LxWxH:170 x 20 x 235 mm | E27: 0.24 | F27: 7.02 | G27: 24.99 | I27: =F27*H27 -> 0
... A63: HEART red | C63: 5900495949400 | D63: Neon LED Light HEART red Bat + USB FLNEO7 Dimensions (mm) LxWxH:20 x 2 x 21 cm | E63: 0.24 | F63: 7.83 | G63: 14.99 | I63: =F63*H63 -> 0
A65: TOTAL COMMANDE HT | I65: =SUM(I16:I63) -> 0
A66: NOMBRE TOTAL D'ARTICLES COMMANDÉS | I66: =SUM(H16:H63) -> 0
A69: Signature et cachet ACTYCOM SAS : | G69: Bon pour accord fournisseur :

Sheet cadart
A1: fichier | B1: Ref | C1: Libelle Article | D1: Libelle Article | E1: GENCOD | F1: CDT | G1: Minimum commande | H1: Unite de Mesure | I1: poids | J1: DEEE | K1: Prix Tarif Brut | L1: Remise(%) | M1: Prix Tarif Net | N1: TVA | O1: PRIX DE VENTE | Q1: A | R1: B | S1: C | T1: D
A2: ='Bon de commande'!B16 -> 0 | B2: ='Bon de commande'!A16 -> FLN001 | C2: ='Bon de commande'!D16 -> Neon ART LED PUNK TEDDY BEAR pink-yellow FLA01 | D2: ='Bon de commande'!D16 -> Neon ART LED PUNK TEDDY BEAR pink-yellow FLA01 | E2: ='Bon de commande'!C16 -> 5900495064165 | F2: 1 | G2: 1 | H2: P | I2: 1 | J2: ='Bon de commande'!E16 -> 0.24 | K2: ='Bon de commande'!F16+J2 -> 13.24 | M2: =K2 -> 13.24 | N2: 20 | O2: ='Bon de commande'!G16 -> 24.9 | Q2: 60 | R2: 62 | S2: 6230 | T2: 1
A3: ='Bon de commande'!B17 -> 0 | B3: ='Bon de commande'!A17 -> FLN002 | C3: ='Bon de commande'!D17 -> Neon ART LED GANGSTA MONKEY multicolor FLA03 | D3: ='Bon de commande'!D17 -> Neon ART LED GANGSTA MONKEY multicolor FLA03 | E3: ='Bon de commande'!C17 -> 5900495974235 | F3: 1 | G3: 1 | H3: P | I3: 1 | J3: ='Bon de commande'!E17 -> 0.24 | K3: ='Bon de commande'!F17+J3 -> 17.79 | M3: =K3 -> 17.79 | N3: 20 | O3: ='Bon de commande'!G17 -> 34.99 | Q3: 60 | R3: 62 | S3: 6230 | T3: 1
A4: ='Bon de commande'!B18 -> 0 | B4: ='Bon de commande'!A18 -> FLN003 | C4: ='Bon de commande'!D18 -> Neon ART LED CAT DREAMER multicolor FLA04 | D4: ='Bon de commande'!D18 -> Neon ART LED CAT DREAMER multicolor FLA04 | E4: ='Bon de commande'!C18 -> 5900495454225 | F4: 1 | G4: 1 | H4: P | I4: 1 | J4: ='Bon de commande'!E18 -> 0.24 | K4: ='Bon de commande'!F18+J4 -> 13.24 | M4: =K4 -> 13.24 | N4: 20 | O4: ='Bon de commande'!G18 -> 24.99 | Q4: 60 | R4: 62 | S4: 6230 | T4: 1
A5: ='Bon de commande'!B19 -> 0 | B5: ='Bon de commande'!A19 -> FLN004 | C5: ='Bon de commande'!D19 -> Neon ART LED POWER WOMAN yellow-purple FLA02 | D5: ='Bon de commande'!D19 -> Neon ART LED POWER WOMAN yellow-purple FLA02 | E5: ='Bon de commande'!C19 -> 5900495064073 | F5: 1 | G5: 1 | H5: P | I5: 1 | J5: ='Bon de commande'!E19 -> 0.24 | K5: ='Bon de commande'!F19+J5 -> 19.24 | M5: =K5 -> 19.24 | N5: 20 | O5: ='Bon de commande'!G19 -> 34.99 | Q5: 60 | R5: 62 | S5: 6230 | T5: 1
A6: ='Bon de commande'!B20 -> 0 | B6: ='Bon de commande'!A20 -> FLN005 | C6: ='Bon de commande'!D20 -> Neon PLEXI LED ASTRONAUT multicolor FPNE22 Forever Light dont 0,24 deee | D6: ='Bon de commande'!D20 -> Neon PLEXI LED ASTRONAUT multicolor FPNE22 Forever Light dont 0,24 deee | E6: ='Bon de commande'!C20 -> 5907457743205 | F6: 1 | G6: 1 | H6: P | I6: 1 | J6: ='Bon de commande'!E20 -> 0.24 | K6: ='Bon de commande'!F20+J6 -> 14.24 | M6: =K6 -> 14.24 | N6: 20 | O6: ='Bon de commande'!G20 -> 29.9 | Q6: 60 | R6: 62 | S6: 6230 | T6: 1
A7: ='Bon de commande'!B21 -> 0 | B7: ='Bon de commande'!A21 -> FLN006 | C7: ='Bon de commande'!D21 -> Neon PLEXI LED GAME CONSOLE multicolor FPNE27 Forever Light | D7: ='Bon de commande'!D21 -> Neon PLEXI LED GAME CONSOLE multicolor FPNE27 Forever Light | E7: ='Bon de commande'!C21 -> 5907457734760 | F7: 1 | G7: 1 | H7: P | I7: 1 | J7: ='Bon de commande'!E21 -> 0.24 | K7: ='Bon de commande'!F21+J7 -> 18.79 | M7: =K7 -> 18.79 | N7: 20 | O7: ='Bon de commande'!G21 -> 49.99 | Q7: 60 | R7: 62 | S7: 6230 | T7: 1
A8: ='Bon de commande'!B22 -> 0 | B8: ='Bon de commande'!A22 -> FLN008 | C8: ='Bon de commande'!D22 -> Neon PLEXI LED GAME ON multicolor FPNE23 Forever Light | D8: ='Bon de commande'!D22 -> Neon PLEXI LED GAME ON multicolor FPNE23 Forever Light | E8: ='Bon de commande'!C22 -> 5907457734777 | F8: 1 | G8: 1 | H8: P | I8: 1 | J8: ='Bon de commande'!E22 -> 0.24 | K8: ='Bon de commande'!F22+J8 -> 19.91 | M8: =K8 -> 19.91 | N8: 20 | O8: ='Bon de commande'!G22 -> 34.99 | Q8: 60 | R8: 62 | S8: 6230 | T8: 1
A9: ='Bon de commande'!B23 -> 0 | B9: ='Bon de commande'!A23 -> FLN009 | C9: ='Bon de commande'!D23 -> Neon LED Light BANANA white yellow Bat + USB FLNE10 Forever Light | D9: ='Bon de commande'!D23 -> Neon LED Light BANANA white yellow Bat + USB FLNE10 Forever Light | E9: ='Bon de commande'!C23 -> 5900495956163 | F9: 1 | G9: 1 | H9: P | I9: 1 | J9: ='Bon de commande'!E23 -> 0.24 | K9: ='Bon de commande'!F23+J9 -> 11.45 | M9: =K9 -> 11.45 | N9: 20 | O9: ='Bon de commande'!G23 -> 24.99 | Q9: 60 | R9: 62 | S9: 6230 | T9: 1
A10: ='Bon de commande'!B24 -> 0 | B10: ='Bon de commande'!A24 -> FLN012 | C10: ='Bon de commande'!D24 -> Neon LED Light BOLT red Bat + USB FLNEO6 Dimensions (mm) LxWxH:34 x 2 x 13 cm | D10: ='Bon de commande'!D24 -> Neon LED Light BOLT red Bat + USB FLNEO6 Dimensions (mm) LxWxH:34 x 2 x 13 cm | E10: ='Bon de commande'!C24 -> 5900495949394 | F10: 1 | G10: 1 | H10: P | I10: 1 | J10: ='Bon de commande'!E24 -> 0.24 | K10: ='Bon de commande'!F24+J10 -> 8.27 | M10: =K10 -> 8.27 | N10: 20 | O10: ='Bon de commande'!G24 -> 24.99 | Q10: 60 | R10: 62 | S10: 6230 | T10: 1
A11: ='Bon de commande'!B25 -> 0 | B11: ='Bon de commande'!A25 -> FLN013 | C11: ='Bon de commande'!D25 -> Neon LED Light BUTTERFLY pink NNE03 Dimensions (mm) LxWxH: 190 x 19 x 275 mm | D11: ='Bon de commande'!D25 -> Neon LED Light BUTTERFLY pink NNE03 Dimensions (mm) LxWxH: 190 x 19 x 275 mm | E11: ='Bon de commande'!C25 -> 5900495060235 | F11: 1 | G11: 1 | H11: P | I11: 1 | J11: ='Bon de commande'!E25 -> 0.24 | K11: ='Bon de commande'!F25+J11 -> 8.24 | M11: =K11 -> 8.24 | N11: 20 | O11: ='Bon de commande'!G25 -> 19.99 | Q11: 60 | R11: 62 | S11: 6230 | T11: 1
A12: ='Bon de commande'!B26 -> 0 | B12: ='Bon de commande'!A26 -> FLN014 | C12: ='Bon de commande'!D26 -> Neon LED Light CAT turquoise NNE24 dont 0,24 deee dim : 23,5 * 17 cm | D12: ='Bon de commande'!D26 -> Neon LED Light CAT turquoise NNE24 dont 0,24 deee dim : 23,5 * 17 cm | E12: ='Bon de commande'!C26 -> 5907457773479 | F12: 1 | G12: 1 | H12: P | I12: 1 | J12: ='Bon de commande'!E26 -> 0.24 | K12: ='Bon de commande'!F26+J12 -> 7.82 | M12: =K12 -> 7.82 | N12: 20 | O12: ='Bon de commande'!G26 -> 19.99 | Q12: 60 | R12: 62 | S12: 6230 | T12: 1
A13: ='Bon de commande'!B27 -> 0 | B13: ='Bon de commande'!A27 -> FLN015 | C13: ='Bon de commande'!D27 -> Neon LED Light CAT warm white Bat + USB FLNEO3 Dimensions (mm) LxWxH:170 x 20 x 235 mm | D13: ='Bon de commande'!D27 -> Neon LED Light CAT warm white Bat + USB FLNEO3 Dimensions (mm) LxWxH:170 x 20 x 235 mm | E13: ='Bon de commande'!C27 -> 5900495949356 | F13: 1 | G13: 1 | H13: P | I13: 1 | J13: ='Bon de commande'!E27 -> 0.24 | K13: ='Bon de commande'!F27+J13 -> 7.26 | M13: =K13 -> 7.26 | N13: 20 | O13: ='Bon de commande'!G27 -> 24.99 | Q13: 60 | R13: 62 | S13: 6230 | T13: 1
... A41: ='Bon de commande'!B55 -> 0 | B41: ='Bon de commande'!A55 -> FLN067 | C41: ='Bon de commande'!D55 -> Neon MIRROR LED QUEEN warm white pink dim : 32 * 36 cm | D41: ='Bon de commande'!D55 -> Neon MIRROR LED QUEEN warm white pink dim : 32 * 36 cm | E41: ='Bon de commande'!C55 -> 5907457763036 | F41: 1 | G41: 1 | H41: P | I41: 1 | J41: ='Bon de commande'!E55 -> 0.24 | K41: ='Bon de commande'!F55+J41 -> 13.74 | M41: =K41 -> 13.74 | N41: 20 | O41: ='Bon de commande'!G55 -> 26.99 | Q41: 60 | R41: 62 | S41: 6230 | T41: 1
A42: ='Bon de commande'!#REF! -> #REF! | B42: ='Bon de commande'!#REF! -> #REF! | C42: ='Bon de commande'!#REF! -> #REF! | D42: ='Bon de commande'!#REF! -> #REF! | E42: ='Bon de commande'!#REF! -> #REF! | F42: 1 | G42: 1 | H42: P | I42: 1 | J42: ='Bon de commande'!#REF! -> #REF! | K42: ='Bon de commande'!#REF!+J42 -> #REF! | M42: =K42 -> #REF! | N42: 20 | O42: ='Bon de commande'!#REF! -> #REF! | Q42: 60 | R42: 62 | S42: 6230 | T42: 1
A43: ='Bon de commande'!B56 -> 0 | B43: ='Bon de commande'!A56 -> FLN076 | C43: ='Bon de commande'!D56 -> Neon PLEXI LED PUMPKIN WITH STEM orange green NNE13 | D43: ='Bon de commande'!D56 -> Neon PLEXI LED PUMPKIN WITH STEM orange green NNE13 | E43: ='Bon de commande'!C56 -> 5900495157256 | F43: 1 | G43: 1 | H43: P | I43: 1 | J43: ='Bon de commande'!E56 -> 0.24 | K43: ='Bon de commande'!F56+J43 -> 7.9 | M43: =K43 -> 7.9 | N43: 20 | O43: ='Bon de commande'!G56 -> 14.99 | Q43: 60 | R43: 62 | S43: 6230 | T43: 1
A44: ='Bon de commande'!B57 -> 0 | B44: ='Bon de commande'!A57 -> FLN077 | C44: ='Bon de commande'!D57 -> Neon PLEXI LED SKULL WITH BONE white FPNE18 | D44: ='Bon de commande'!D57 -> Neon PLEXI LED SKULL WITH BONE white FPNE18 | E44: ='Bon de commande'!C57 -> 5900495156563 | F44: 1 | G44: 1 | H44: P | I44: 1 | J44: ='Bon de commande'!E57 -> 0.24 | K44: ='Bon de commande'!F57+J44 -> 9.15 | M44: =K44 -> 9.15 | N44: 20 | O44: ='Bon de commande'!G57 -> 16.99 | Q44: 60 | R44: 62 | S44: 6230 | T44: 1
A45: ='Bon de commande'!B60 -> 0 | B45: ='Bon de commande'!A60 -> FPNE38 | C45: ='Bon de commande'!D60 -> Forever Light Neon PLEXI LED GAME MODE blue red FPNE38 | D45: ='Bon de commande'!D60 -> Forever Light Neon PLEXI LED GAME MODE blue red FPNE38 | E45: ='Bon de commande'!C60 -> 5906961945761 | F45: 1 | G45: 1 | H45: P | I45: 1 | J45: ='Bon de commande'!E60 -> 0.24 | K45: ='Bon de commande'!F60+J45 -> 18.74 | M45: =K45 -> 18.74 | N45: 20 | O45: ='Bon de commande'!G60 -> 29.99 | Q45: 60 | R45: 62 | S45: 6230 | T45: 1
A46: ='Bon de commande'!B62 -> 0 | B46: ='Bon de commande'!A62 -> FPNE40 | C46: ='Bon de commande'!D62 -> Forever Light Neon PLEXI LED GAME multicolor FPNE40 | D46: ='Bon de commande'!D62 -> Forever Light Neon PLEXI LED GAME multicolor FPNE40 | E46: ='Bon de commande'!C62 -> 5906961927743 | F46: 1 | G46: 1 | H46: P | I46: 1 | J46: ='Bon de commande'!E62 -> 0.24 | K46: ='Bon de commande'!F62+J46 -> 14.74 | M46: =K46 -> 14.74 | N46: 20 | O46: ='Bon de commande'!G62 -> 29.99 | Q46: 60 | R46: 62 | S46: 6230 | T46: 1
A47: ='Bon de commande'!B63 -> 0 | B47: ='Bon de commande'!A63 -> HEART red | C47: ='Bon de commande'!D63 -> Neon LED Light HEART red Bat + USB FLNEO7 Dimensions (mm) LxWxH:20 x 2 x 21 cm | D47: ='Bon de commande'!D63 -> Neon LED Light HEART red Bat + USB FLNEO7 Dimensions (mm) LxWxH:20 x 2 x 21 cm | E47: ='Bon de commande'!C63 -> 5900495949400 | F47: 1 | G47: 1 | H47: P | I47: 1 | J47: ='Bon de commande'!E63 -> 0.24 | K47: ='Bon de commande'!F63+J47 -> 8.07 | M47: =K47 -> 8.07 | N47: 20 | O47: ='Bon de commande'!G63 -> 14.99 | Q47: 60 | R47: 62 | S47: 6230 | T47: 1
A48: ='Bon de commande'!#REF! -> #REF! | B48: ='Bon de commande'!#REF! -> #REF! | C48: ='Bon de commande'!#REF! -> #REF! | D48: ='Bon de commande'!#REF! -> #REF! | E48: ='Bon de commande'!#REF! -> #REF! | F48: 1 | G48: 1 | H48: P | I48: 1 | J48: ='Bon de commande'!#REF! -> #REF! | K48: ='Bon de commande'!#REF!+J48 -> #REF! | M48: =K48 -> #REF! | N48: 20 | O48: ='Bon de commande'!#REF! -> #REF! | Q48: 60 | R48: 62 | S48: 6230 | T48: 1
A49: ='Bon de commande'!#REF! -> #REF! | B49: ='Bon de commande'!#REF! -> #REF! | C49: ='Bon de commande'!#REF! -> #REF! | D49: ='Bon de commande'!#REF! -> #REF! | E49: ='Bon de commande'!#REF! -> #REF! | F49: 1 | G49: 1 | H49: P | I49: 1 | J49: ='Bon de commande'!#REF! -> #REF! | K49: ='Bon de commande'!#REF!+J49 -> #REF! | M49: =K49 -> #REF! | N49: 20 | O49: ='Bon de commande'!#REF! -> #REF! | Q49: 60 | R49: 62 | S49: 6230 | T49: 1
A50: ='Bon de commande'!#REF! -> #REF! | B50: ='Bon de commande'!#REF! -> #REF! | C50: ='Bon de commande'!#REF! -> #REF! | D50: ='Bon de commande'!#REF! -> #REF! | E50: ='Bon de commande'!#REF! -> #REF! | F50: 1 | G50: 1 | H50: P | I50: 1 | J50: ='Bon de commande'!#REF! -> #REF! | K50: ='Bon de commande'!#REF!+J50 -> #REF! | M50: =K50 -> #REF! | N50: 20 | O50: ='Bon de commande'!#REF! -> #REF! | Q50: 60 | R50: 62 | S50: 6230 | T50: 1
A51: ='Bon de commande'!#REF! -> #REF! | B51: ='Bon de commande'!#REF! -> #REF! | C51: ='Bon de commande'!#REF! -> #REF! | D51: ='Bon de commande'!#REF! -> #REF! | E51: ='Bon de commande'!#REF! -> #REF! | F51: 1 | G51: 1 | H51: P | I51: 1 | J51: ='Bon de commande'!#REF! -> #REF! | K51: ='Bon de commande'!#REF!+J51 -> #REF! | M51: =K51 -> #REF! | N51: 20 | O51: ='Bon de commande'!#REF! -> #REF! | Q51: 60 | R51: 62 | S51: 6230 | T51: 1
A52: ='Bon de commande'!#REF! -> #REF! | B52: ='Bon de commande'!#REF! -> #REF! | C52: ='Bon de commande'!#REF! -> #REF! | D52: ='Bon de commande'!#REF! -> #REF! | E52: ='Bon de commande'!#REF! -> #REF! | F52: 1 | G52: 1 | H52: P | I52: 1 | J52: ='Bon de commande'!#REF! -> #REF! | K52: ='Bon de commande'!#REF!+J52 -> #REF! | M52: =K52 -> #REF! | N52: 20 | O52: ='Bon de commande'!#REF! -> #REF! | Q52: 60 | R52: 62 | S52: 6230 | T52: 1
A53: ='Bon de commande'!#REF! -> #REF! | B53: ='Bon de commande'!#REF! -> #REF! | C53: ='Bon de commande'!#REF! -> #REF! | D53: ='Bon de commande'!#REF! -> #REF! | E53: ='Bon de commande'!#REF! -> #REF! | F53: 1 | G53: 1 | H53: P | I53: 1 | J53: ='Bon de commande'!#REF! -> #REF! | K53: ='Bon de commande'!#REF!+J53 -> #REF! | M53: =K53 -> #REF! | N53: 20 | O53: ='Bon de commande'!#REF! -> #REF! | Q53: 60 | R53: 62 | S53: 6230 | T53: 1
A54: ='Bon de commande'!#REF! -> #REF! | B54: ='Bon de commande'!#REF! -> #REF! | C54: ='Bon de commande'!#REF! -> #REF! | D54: ='Bon de commande'!#REF! -> #REF! | E54: ='Bon de commande'!#REF! -> #REF! | F54: 1 | G54: 1 | H54: P | I54: 1 | J54: ='Bon de commande'!#REF! -> #REF! | K54: ='Bon de commande'!#REF!+J54 -> #REF! | M54: =K54 -> #REF! | N54: 20 | O54: ='Bon de commande'!#REF! -> #REF! | Q54: 60 | R54: 62 | S54: 6230 | T54: 1
A55: ='Bon de commande'!#REF! -> #REF! | B55: ='Bon de commande'!#REF! -> #REF! | C55: ='Bon de commande'!#REF! -> #REF! | D55: ='Bon de commande'!#REF! -> #REF! | E55: ='Bon de commande'!#REF! -> #REF! | F55: 1 | G55: 1 | H55: P | I55: 1 | J55: ='Bon de commande'!#REF! -> #REF! | K55: ='Bon de commande'!#REF!+J55 -> #REF! | M55: =K55 -> #REF! | N55: 20 | O55: ='Bon de commande'!#REF! -> #REF! | Q55: 60 | R55: 62 | S55: 6230 | T55: 1
A56: ='Bon de commande'!#REF! -> #REF! | B56: ='Bon de commande'!#REF! -> #REF! | C56: ='Bon de commande'!#REF! -> #REF! | D56: ='Bon de commande'!#REF! -> #REF! | E56: ='Bon de commande'!#REF! -> #REF! | F56: 1 | G56: 1 | H56: P | I56: 1 | J56: ='Bon de commande'!#REF! -> #REF! | K56: ='Bon de commande'!#REF!+J56 -> #REF! | M56: =K56 -> #REF! | N56: 20 | O56: ='Bon de commande'!#REF! -> #REF! | Q56: 60 | R56: 62 | S56: 6230 | T56: 1
A57: ='Bon de commande'!#REF! -> #REF! | B57: ='Bon de commande'!#REF! -> #REF! | C57: ='Bon de commande'!#REF! -> #REF! | D57: ='Bon de commande'!#REF! -> #REF! | E57: ='Bon de commande'!#REF! -> #REF! | F57: 1 | G57: 1 | H57: P | I57: 1 | J57: ='Bon de commande'!#REF! -> #REF! | K57: ='Bon de commande'!#REF!+J57 -> #REF! | M57: =K57 -> #REF! | N57: 20 | O57: ='Bon de commande'!#REF! -> #REF! | Q57: 60 | R57: 62 | S57: 6230 | T57: 1
A58: ='Bon de commande'!#REF! -> #REF! | B58: ='Bon de commande'!#REF! -> #REF! | C58: ='Bon de commande'!#REF! -> #REF! | D58: ='Bon de commande'!#REF! -> #REF! | E58: ='Bon de commande'!#REF! -> #REF! | F58: 1 | G58: 1 | H58: P | I58: 1 | J58: ='Bon de commande'!#REF! -> #REF! | K58: ='Bon de commande'!#REF!+J58 -> #REF! | M58: =K58 -> #REF! | N58: 20 | O58: ='Bon de commande'!#REF! -> #REF! | Q58: 60 | R58: 62 | S58: 6230 | T58: 1
A59: ='Bon de commande'!#REF! -> #REF! | B59: ='Bon de commande'!#REF! -> #REF! | C59: ='Bon de commande'!#REF! -> #REF! | D59: ='Bon de commande'!#REF! -> #REF! | E59: ='Bon de commande'!#REF! -> #REF! | F59: 1 | G59: 1 | H59: P | I59: 1 | J59: ='Bon de commande'!#REF! -> #REF! | K59: ='Bon de commande'!#REF!+J59 -> #REF! | M59: =K59 -> #REF! | N59: 20 | O59: ='Bon de commande'!#REF! -> #REF! | Q59: 60 | R59: 62 | S59: 6230 | T59: 1
... A61: ='Bon de commande'!#REF! -> #REF! | B61: ='Bon de commande'!#REF! -> #REF! | C61: ='Bon de commande'!#REF! -> #REF! | D61: ='Bon de commande'!#REF! -> #REF! | E61: ='Bon de commande'!#REF! -> #REF! | F61: 1 | G61: 1 | H61: P | I61: 1 | J61: ='Bon de commande'!#REF! -> #REF! | K61: ='Bon de commande'!#REF!+J61 -> #REF! | M61: =K61 -> #REF! | N61: 20 | O61: ='Bon de commande'!#REF! -> #REF! | Q61: 60 | R61: 62 | S61: 6230 | T61: 1

Sheet ulis
A1: fichier | B1: Fournisseur | C1: Famille | D1: EAN | E1: Référence Fournisseur | F1: Libellé Etiquette | G1: Libellé Caisse | H1: Prix d'achat brut | I1: Prix de vente | J1: Marge | K1: Groupe Tarifaire | L1: Code TVA | M1: Type Produit | N1: Unité Mesure | O1: Unité Stock | P1: Unité Prix | Q1: Mesure nette | R1: Cdt | S1: Taxe D3E | T1: Code Nomenclature SU | U1: Ingrédient | V1: PLU | W1: Pesée en caisse | X1: Type Saisie Balance | Y1: Nombre unité par UC | Z1: Prix de revient | AA1: Désignation nomenclature douanière magasin | AB1: Hauteur UL | AC1: Profondeur UL | AD1: Largeur UL | AE1: Poids brut UL | AF1: Poids net UL | AG1: Canal de vente | AH1: Dénomination légale de vente | AI1: Conditions particulières de conservation et/ou d'utilisation | AJ1: Mode d'emploi | AK1: Informations supplémentaires | AL1: Origine | AM1: Vals. Nut. pour 100g/100ml | AN1: Vals. Nut. Portion | AO1: Composition
A2: ='Bon de commande'!B16 -> 0 | B2: actycom | D2: ='Bon de commande'!C16 -> 5900495064165 | E2: ='Bon de commande'!A16 -> FLN001 | F2: ='Bon de commande'!D16 -> Neon ART LED PUNK TEDDY BEAR pink-yellow FLA01 | G2: ='Bon de commande'!D16 -> Neon ART LED PUNK TEDDY BEAR pink-yellow FLA01 | H2: ='Bon de commande'!E16+'Bon de commande'!F16 -> 13.24 | I2: ='Bon de commande'!G16 -> 24.9 | L2: 0.2
A3: ='Bon de commande'!B17 -> 0 | B3: actycom | D3: ='Bon de commande'!C17 -> 5900495974235 | E3: ='Bon de commande'!A17 -> FLN002 | F3: ='Bon de commande'!D17 -> Neon ART LED GANGSTA MONKEY multicolor FLA03 | G3: ='Bon de commande'!D17 -> Neon ART LED GANGSTA MONKEY multicolor FLA03 | H3: ='Bon de commande'!E17+'Bon de commande'!F17 -> 17.79 | I3: ='Bon de commande'!G17 -> 34.99 | L3: 0.2
A4: ='Bon de commande'!B18 -> 0 | B4: actycom | D4: ='Bon de commande'!C18 -> 5900495454225 | E4: ='Bon de commande'!A18 -> FLN003 | F4: ='Bon de commande'!D18 -> Neon ART LED CAT DREAMER multicolor FLA04 | G4: ='Bon de commande'!D18 -> Neon ART LED CAT DREAMER multicolor FLA04 | H4: ='Bon de commande'!E18+'Bon de commande'!F18 -> 13.24 | I4: ='Bon de commande'!G18 -> 24.99 | L4: 0.2
A5: ='Bon de commande'!B19 -> 0 | B5: actycom | D5: ='Bon de commande'!C19 -> 5900495064073 | E5: ='Bon de commande'!A19 -> FLN004 | F5: ='Bon de commande'!D19 -> Neon ART LED POWER WOMAN yellow-purple FLA02 | G5: ='Bon de commande'!D19 -> Neon ART LED POWER WOMAN yellow-purple FLA02 | H5: ='Bon de commande'!E19+'Bon de commande'!F19 -> 19.24 | I5: ='Bon de commande'!G19 -> 34.99 | L5: 0.2
A6: ='Bon de commande'!B20 -> 0 | B6: actycom | D6: ='Bon de commande'!C20 -> 5907457743205 | E6: ='Bon de commande'!A20 -> FLN005 | F6: ='Bon de commande'!D20 -> Neon PLEXI LED ASTRONAUT multicolor FPNE22 Forever Light dont 0,24 deee | G6: ='Bon de commande'!D20 -> Neon PLEXI LED ASTRONAUT multicolor FPNE22 Forever Light dont 0,24 deee | H6: ='Bon de commande'!E20+'Bon de commande'!F20 -> 14.24 | I6: ='Bon de commande'!G20 -> 29.9 | L6: 0.2
A7: ='Bon de commande'!B21 -> 0 | B7: actycom | D7: ='Bon de commande'!C21 -> 5907457734760 | E7: ='Bon de commande'!A21 -> FLN006 | F7: ='Bon de commande'!D21 -> Neon PLEXI LED GAME CONSOLE multicolor FPNE27 Forever Light | G7: ='Bon de commande'!D21 -> Neon PLEXI LED GAME CONSOLE multicolor FPNE27 Forever Light | H7: ='Bon de commande'!E21+'Bon de commande'!F21 -> 18.79 | I7: ='Bon de commande'!G21 -> 49.99 | L7: 0.2
A8: ='Bon de commande'!B22 -> 0 | B8: actycom | D8: ='Bon de commande'!C22 -> 5907457734777 | E8: ='Bon de commande'!A22 -> FLN008 | F8: ='Bon de commande'!D22 -> Neon PLEXI LED GAME ON multicolor FPNE23 Forever Light | G8: ='Bon de commande'!D22 -> Neon PLEXI LED GAME ON multicolor FPNE23 Forever Light | H8: ='Bon de commande'!E22+'Bon de commande'!F22 -> 19.91 | I8: ='Bon de commande'!G22 -> 34.99 | L8: 0.2
A9: ='Bon de commande'!B23 -> 0 | B9: actycom | D9: ='Bon de commande'!C23 -> 5900495956163 | E9: ='Bon de commande'!A23 -> FLN009 | F9: ='Bon de commande'!D23 -> Neon LED Light BANANA white yellow Bat + USB FLNE10 Forever Light | G9: ='Bon de commande'!D23 -> Neon LED Light BANANA white yellow Bat + USB FLNE10 Forever Light | H9: ='Bon de commande'!E23+'Bon de commande'!F23 -> 11.45 | I9: ='Bon de commande'!G23 -> 24.99 | L9: 0.2
A10: ='Bon de commande'!B24 -> 0 | B10: actycom | D10: ='Bon de commande'!C24 -> 5900495949394 | E10: ='Bon de commande'!A24 -> FLN012 | F10: ='Bon de commande'!D24 -> Neon LED Light BOLT red Bat + USB FLNEO6 Dimensions (mm) LxWxH:34 x 2 x 13 cm | G10: ='Bon de commande'!D24 -> Neon LED Light BOLT red Bat + USB FLNEO6 Dimensions (mm) LxWxH:34 x 2 x 13 cm | H10: ='Bon de commande'!E24+'Bon de commande'!F24 -> 8.27 | I10: ='Bon de commande'!G24 -> 24.99 | L10: 0.2
A11: ='Bon de commande'!B25 -> 0 | B11: actycom | D11: ='Bon de commande'!C25 -> 5900495060235 | E11: ='Bon de commande'!A25 -> FLN013 | F11: ='Bon de commande'!D25 -> Neon LED Light BUTTERFLY pink NNE03 Dimensions (mm) LxWxH: 190 x 19 x 275 mm | G11: ='Bon de commande'!D25 -> Neon LED Light BUTTERFLY pink NNE03 Dimensions (mm) LxWxH: 190 x 19 x 275 mm | H11: ='Bon de commande'!E25+'Bon de commande'!F25 -> 8.24 | I11: ='Bon de commande'!G25 -> 19.99 | L11: 0.2
A12: ='Bon de commande'!B26 -> 0 | B12: actycom | D12: ='Bon de commande'!C26 -> 5907457773479 | E12: ='Bon de commande'!A26 -> FLN014 | F12: ='Bon de commande'!D26 -> Neon LED Light CAT turquoise NNE24 dont 0,24 deee dim : 23,5 * 17 cm | G12: ='Bon de commande'!D26 -> Neon LED Light CAT turquoise NNE24 dont 0,24 deee dim : 23,5 * 17 cm | H12: ='Bon de commande'!E26+'Bon de commande'!F26 -> 7.82 | I12: ='Bon de commande'!G26 -> 19.99 | L12: 0.2
A13: ='Bon de commande'!B27 -> 0 | B13: actycom | D13: ='Bon de commande'!C27 -> 5900495949356 | E13: ='Bon de commande'!A27 -> FLN015 | F13: ='Bon de commande'!D27 -> Neon LED Light CAT warm white Bat + USB FLNEO3 Dimensions (mm) LxWxH:170 x 20 x 235 mm | G13: ='Bon de commande'!D27 -> Neon LED Light CAT warm white Bat + USB FLNEO3 Dimensions (mm) LxWxH:170 x 20 x 235 mm | H13: ='Bon de commande'!E27+'Bon de commande'!F27 -> 7.26 | I13: ='Bon de commande'!G27 -> 24.99 | L13: 0.2
... A41: ='Bon de commande'!B55 -> 0 | B41: actycom | D41: ='Bon de commande'!C55 -> 5907457763036 | E41: ='Bon de commande'!A55 -> FLN067 | F41: ='Bon de commande'!D55 -> Neon MIRROR LED QUEEN warm white pink dim : 32 * 36 cm | G41: ='Bon de commande'!D55 -> Neon MIRROR LED QUEEN warm white pink dim : 32 * 36 cm | H41: ='Bon de commande'!E55+'Bon de commande'!F55 -> 13.74 | I41: ='Bon de commande'!G55 -> 26.99 | L41: 0.2
A42: ='Bon de commande'!#REF! -> #REF! | B42: actycom | D42: ='Bon de commande'!#REF! -> #REF! | E42: ='Bon de commande'!#REF! -> #REF! | F42: ='Bon de commande'!#REF! -> #REF! | G42: ='Bon de commande'!#REF! -> #REF! | H42: ='Bon de commande'!#REF!+'Bon de commande'!#REF! -> #REF! | I42: ='Bon de commande'!#REF! -> #REF! | L42: 0.2
A43: ='Bon de commande'!B56 -> 0 | B43: actycom | D43: ='Bon de commande'!C56 -> 5900495157256 | E43: ='Bon de commande'!A56 -> FLN076 | F43: ='Bon de commande'!D56 -> Neon PLEXI LED PUMPKIN WITH STEM orange green NNE13 | G43: ='Bon de commande'!D56 -> Neon PLEXI LED PUMPKIN WITH STEM orange green NNE13 | H43: ='Bon de commande'!E56+'Bon de commande'!F56 -> 7.9 | I43: ='Bon de commande'!G56 -> 14.99 | L43: 0.2
A44: ='Bon de commande'!B57 -> 0 | B44: actycom | D44: ='Bon de commande'!C57 -> 5900495156563 | E44: ='Bon de commande'!A57 -> FLN077 | F44: ='Bon de commande'!D57 -> Neon PLEXI LED SKULL WITH BONE white FPNE18 | G44: ='Bon de commande'!D57 -> Neon PLEXI LED SKULL WITH BONE white FPNE18 | H44: ='Bon de commande'!E57+'Bon de commande'!F57 -> 9.15 | I44: ='Bon de commande'!G57 -> 16.99 | L44: 0.2
A45: ='Bon de commande'!B60 -> 0 | B45: actycom | D45: ='Bon de commande'!C60 -> 5906961945761 | E45: ='Bon de commande'!A60 -> FPNE38 | F45: ='Bon de commande'!D60 -> Forever Light Neon PLEXI LED GAME MODE blue red FPNE38 | G45: ='Bon de commande'!D60 -> Forever Light Neon PLEXI LED GAME MODE blue red FPNE38 | H45: ='Bon de commande'!E60+'Bon de commande'!F60 -> 18.74 | I45: ='Bon de commande'!G60 -> 29.99 | L45: 0.2
A46: ='Bon de commande'!B62 -> 0 | B46: actycom | D46: ='Bon de commande'!C62 -> 5906961927743 | E46: ='Bon de commande'!A62 -> FPNE40 | F46: ='Bon de commande'!D62 -> Forever Light Neon PLEXI LED GAME multicolor FPNE40 | G46: ='Bon de commande'!D62 -> Forever Light Neon PLEXI LED GAME multicolor FPNE40 | H46: ='Bon de commande'!E62+'Bon de commande'!F62 -> 14.74 | I46: ='Bon de commande'!G62 -> 29.99 | L46: 0.2
A47: ='Bon de commande'!B63 -> 0 | B47: actycom | D47: ='Bon de commande'!C63 -> 5900495949400 | E47: ='Bon de commande'!A63 -> HEART red | F47: ='Bon de commande'!D63 -> Neon LED Light HEART red Bat + USB FLNEO7 Dimensions (mm) LxWxH:20 x 2 x 21 cm | G47: ='Bon de commande'!D63 -> Neon LED Light HEART red Bat + USB FLNEO7 Dimensions (mm) LxWxH:20 x 2 x 21 cm | H47: ='Bon de commande'!E63+'Bon de commande'!F63 -> 8.07 | I47: ='Bon de commande'!G63 -> 14.99 | L47: 0.2
A48: ='Bon de commande'!#REF! -> #REF! | B48: actycom | D48: ='Bon de commande'!#REF! -> #REF! | E48: ='Bon de commande'!#REF! -> #REF! | F48: ='Bon de commande'!#REF! -> #REF! | G48: ='Bon de commande'!#REF! -> #REF! | H48: ='Bon de commande'!#REF!+'Bon de commande'!#REF! -> #REF! | I48: ='Bon de commande'!#REF! -> #REF! | L48: 0.2
A49: ='Bon de commande'!#REF! -> #REF! | B49: actycom | D49: ='Bon de commande'!#REF! -> #REF! | E49: ='Bon de commande'!#REF! -> #REF! | F49: ='Bon de commande'!#REF! -> #REF! | G49: ='Bon de commande'!#REF! -> #REF! | H49: ='Bon de commande'!#REF!+'Bon de commande'!#REF! -> #REF! | I49: ='Bon de commande'!#REF! -> #REF! | L49: 0.2
A50: ='Bon de commande'!#REF! -> #REF! | B50: actycom | D50: ='Bon de commande'!#REF! -> #REF! | E50: ='Bon de commande'!#REF! -> #REF! | F50: ='Bon de commande'!#REF! -> #REF! | G50: ='Bon de commande'!#REF! -> #REF! | H50: ='Bon de commande'!#REF!+'Bon de commande'!#REF! -> #REF! | I50: ='Bon de commande'!#REF! -> #REF! | L50: 0.2
A51: ='Bon de commande'!#REF! -> #REF! | B51: actycom | D51: ='Bon de commande'!#REF! -> #REF! | E51: ='Bon de commande'!#REF! -> #REF! | F51: ='Bon de commande'!#REF! -> #REF! | G51: ='Bon de commande'!#REF! -> #REF! | H51: ='Bon de commande'!#REF!+'Bon de commande'!#REF! -> #REF! | I51: ='Bon de commande'!#REF! -> #REF! | L51: 0.2
A52: ='Bon de commande'!#REF! -> #REF! | B52: actycom | D52: ='Bon de commande'!#REF! -> #REF! | E52: ='Bon de commande'!#REF! -> #REF! | F52: ='Bon de commande'!#REF! -> #REF! | G52: ='Bon de commande'!#REF! -> #REF! | H52: ='Bon de commande'!#REF!+'Bon de commande'!#REF! -> #REF! | I52: ='Bon de commande'!#REF! -> #REF! | L52: 0.2
A53: ='Bon de commande'!#REF! -> #REF! | B53: actycom | D53: ='Bon de commande'!#REF! -> #REF! | E53: ='Bon de commande'!#REF! -> #REF! | F53: ='Bon de commande'!#REF! -> #REF! | G53: ='Bon de commande'!#REF! -> #REF! | H53: ='Bon de commande'!#REF!+'Bon de commande'!#REF! -> #REF! | I53: ='Bon de commande'!#REF! -> #REF! | L53: 0.2
A54: ='Bon de commande'!#REF! -> #REF! | B54: actycom | D54: ='Bon de commande'!#REF! -> #REF! | E54: ='Bon de commande'!#REF! -> #REF! | F54: ='Bon de commande'!#REF! -> #REF! | G54: ='Bon de commande'!#REF! -> #REF! | H54: ='Bon de commande'!#REF!+'Bon de commande'!#REF! -> #REF! | I54: ='Bon de commande'!#REF! -> #REF! | L54: 0.2
A55: ='Bon de commande'!#REF! -> #REF! | B55: actycom | D55: ='Bon de commande'!#REF! -> #REF! | E55: ='Bon de commande'!#REF! -> #REF! | F55: ='Bon de commande'!#REF! -> #REF! | G55: ='Bon de commande'!#REF! -> #REF! | H55: ='Bon de commande'!#REF!+'Bon de commande'!#REF! -> #REF! | I55: ='Bon de commande'!#REF! -> #REF! | L55: 0.2
A56: ='Bon de commande'!#REF! -> #REF! | B56: actycom | D56: ='Bon de commande'!#REF! -> #REF! | E56: ='Bon de commande'!#REF! -> #REF! | F56: ='Bon de commande'!#REF! -> #REF! | G56: ='Bon de commande'!#REF! -> #REF! | H56: ='Bon de commande'!#REF!+'Bon de commande'!#REF! -> #REF! | I56: ='Bon de commande'!#REF! -> #REF! | L56: 0.2
A57: ='Bon de commande'!#REF! -> #REF! | B57: actycom | D57: ='Bon de commande'!#REF! -> #REF! | E57: ='Bon de commande'!#REF! -> #REF! | F57: ='Bon de commande'!#REF! -> #REF! | G57: ='Bon de commande'!#REF! -> #REF! | H57: ='Bon de commande'!#REF!+'Bon de commande'!#REF! -> #REF! | I57: ='Bon de commande'!#REF! -> #REF! | L57: 0.2
A58: ='Bon de commande'!#REF! -> #REF! | B58: actycom | D58: ='Bon de commande'!#REF! -> #REF! | E58: ='Bon de commande'!#REF! -> #REF! | F58: ='Bon de commande'!#REF! -> #REF! | G58: ='Bon de commande'!#REF! -> #REF! | H58: ='Bon de commande'!#REF!+'Bon de commande'!#REF! -> #REF! | I58: ='Bon de commande'!#REF! -> #REF! | L58: 0.2
A59: ='Bon de commande'!#REF! -> #REF! | B59: actycom | D59: ='Bon de commande'!#REF! -> #REF! | E59: ='Bon de commande'!#REF! -> #REF! | F59: ='Bon de commande'!#REF! -> #REF! | G59: ='Bon de commande'!#REF! -> #REF! | H59: ='Bon de commande'!#REF!+'Bon de commande'!#REF! -> #REF! | I59: ='Bon de commande'!#REF! -> #REF! | L59: 0.2
... A61: ='Bon de commande'!#REF! -> #REF! | B61: actycom | D61: ='Bon de commande'!#REF! -> #REF! | E61: ='Bon de commande'!#REF! -> #REF! | F61: ='Bon de commande'!#REF! -> #REF! | G61: ='Bon de commande'!#REF! -> #REF! | H61: ='Bon de commande'!#REF!+'Bon de commande'!#REF! -> #REF! | I61: ='Bon de commande'!#REF! -> #REF! | L61: 0.2

Sheet carrefour 
A1: fichier | B1: Type Action | C1: Identité article | N1: Commandabilité | V1: Tarification | Y1: Anomalies
A2: ='Bon de commande'!B16 -> 0 | C2: ='Bon de commande'!C16 -> 5900495064165 | D2: ='Bon de commande'!D16 -> Neon ART LED PUNK TEDDY BEAR pink-yellow FLA01 | E2: ='Bon de commande'!D16 -> Neon ART LED PUNK TEDDY BEAR pink-yellow FLA01 | V2: 20,00 - 3 | W2: ='Bon de commande'!F16+'Bon de commande'!E16 -> 13.24 | X2: ='Bon de commande'!G16 -> 24.9
A3: ='Bon de commande'!B17 -> 0 | C3: ='Bon de commande'!C17 -> 5900495974235 | D3: ='Bon de commande'!D17 -> Neon ART LED GANGSTA MONKEY multicolor FLA03 | E3: ='Bon de commande'!D17 -> Neon ART LED GANGSTA MONKEY multicolor FLA03 | V3: 20,00 - 3 | W3: ='Bon de commande'!F17+'Bon de commande'!E17 -> 17.79 | X3: ='Bon de commande'!G17 -> 34.99
A4: ='Bon de commande'!B18 -> 0 | C4: ='Bon de commande'!C18 -> 5900495454225 | D4: ='Bon de commande'!D18 -> Neon ART LED CAT DREAMER multicolor FLA04 | E4: ='Bon de commande'!D18 -> Neon ART LED CAT DREAMER multicolor FLA04 | V4: 20,00 - 3 | W4: ='Bon de commande'!F18+'Bon de commande'!E18 -> 13.24 | X4: ='Bon de commande'!G18 -> 24.99
A5: ='Bon de commande'!B19 -> 0 | C5: ='Bon de commande'!C19 -> 5900495064073 | D5: ='Bon de commande'!D19 -> Neon ART LED POWER WOMAN yellow-purple FLA02 | E5: ='Bon de commande'!D19 -> Neon ART LED POWER WOMAN yellow-purple FLA02 | V5: 20,00 - 3 | W5: ='Bon de commande'!F19+'Bon de commande'!E19 -> 19.24 | X5: ='Bon de commande'!G19 -> 34.99
A6: ='Bon de commande'!B20 -> 0 | C6: ='Bon de commande'!C20 -> 5907457743205 | D6: ='Bon de commande'!D20 -> Neon PLEXI LED ASTRONAUT multicolor FPNE22 Forever Light dont 0,24 deee | E6: ='Bon de commande'!D20 -> Neon PLEXI LED ASTRONAUT multicolor FPNE22 Forever Light dont 0,24 deee | V6: 20,00 - 3 | W6: ='Bon de commande'!F20+'Bon de commande'!E20 -> 14.24 | X6: ='Bon de commande'!G20 -> 29.9
A7: ='Bon de commande'!B21 -> 0 | C7: ='Bon de commande'!C21 -> 5907457734760 | D7: ='Bon de commande'!D21 -> Neon PLEXI LED GAME CONSOLE multicolor FPNE27 Forever Light | E7: ='Bon de commande'!D21 -> Neon PLEXI LED GAME CONSOLE multicolor FPNE27 Forever Light | V7: 20,00 - 3 | W7: ='Bon de commande'!F21+'Bon de commande'!E21 -> 18.79 | X7: ='Bon de commande'!G21 -> 49.99
A8: ='Bon de commande'!B22 -> 0 | C8: ='Bon de commande'!C22 -> 5907457734777 | D8: ='Bon de commande'!D22 -> Neon PLEXI LED GAME ON multicolor FPNE23 Forever Light | E8: ='Bon de commande'!D22 -> Neon PLEXI LED GAME ON multicolor FPNE23 Forever Light | V8: 20,00 - 3 | W8: ='Bon de commande'!F22+'Bon de commande'!E22 -> 19.91 | X8: ='Bon de commande'!G22 -> 34.99
A9: ='Bon de commande'!B23 -> 0 | C9: ='Bon de commande'!C23 -> 5900495956163 | D9: ='Bon de commande'!D23 -> Neon LED Light BANANA white yellow Bat + USB FLNE10 Forever Light | E9: ='Bon de commande'!D23 -> Neon LED Light BANANA white yellow Bat + USB FLNE10 Forever Light | V9: 20,00 - 3 | W9: ='Bon de commande'!F23+'Bon de commande'!E23 -> 11.45 | X9: ='Bon de commande'!G23 -> 24.99
A10: ='Bon de commande'!B24 -> 0 | C10: ='Bon de commande'!C24 -> 5900495949394 | D10: ='Bon de commande'!D24 -> Neon LED Light BOLT red Bat + USB FLNEO6 Dimensions (mm) LxWxH:34 x 2 x 13 cm | E10: ='Bon de commande'!D24 -> Neon LED Light BOLT red Bat + USB FLNEO6 Dimensions (mm) LxWxH:34 x 2 x 13 cm | V10: 20,00 - 3 | W10: ='Bon de commande'!F24+'Bon de commande'!E24 -> 8.27 | X10: ='Bon de commande'!G24 -> 24.99
A11: ='Bon de commande'!B25 -> 0 | C11: ='Bon de commande'!C25 -> 5900495060235 | D11: ='Bon de commande'!D25 -> Neon LED Light BUTTERFLY pink NNE03 Dimensions (mm) LxWxH: 190 x 19 x 275 mm | E11: ='Bon de commande'!D25 -> Neon LED Light BUTTERFLY pink NNE03 Dimensions (mm) LxWxH: 190 x 19 x 275 mm | V11: 20,00 - 3 | W11: ='Bon de commande'!F25+'Bon de commande'!E25 -> 8.24 | X11: ='Bon de commande'!G25 -> 19.99
A12: ='Bon de commande'!B26 -> 0 | C12: ='Bon de commande'!C26 -> 5907457773479 | D12: ='Bon de commande'!D26 -> Neon LED Light CAT turquoise NNE24 dont 0,24 deee dim : 23,5 * 17 cm | E12: ='Bon de commande'!D26 -> Neon LED Light CAT turquoise NNE24 dont 0,24 deee dim : 23,5 * 17 cm | V12: 20,00 - 3 | W12: ='Bon de commande'!F26+'Bon de commande'!E26 -> 7.82 | X12: ='Bon de commande'!G26 -> 19.99
A13: ='Bon de commande'!B27 -> 0 | C13: ='Bon de commande'!C27 -> 5900495949356 | D13: ='Bon de commande'!D27 -> Neon LED Light CAT warm white Bat + USB FLNEO3 Dimensions (mm) LxWxH:170 x 20 x 235 mm | E13: ='Bon de commande'!D27 -> Neon LED Light CAT warm white Bat + USB FLNEO3 Dimensions (mm) LxWxH:170 x 20 x 235 mm | V13: 20,00 - 3 | W13: ='Bon de commande'!F27+'Bon de commande'!E27 -> 7.26 | X13: ='Bon de commande'!G27 -> 24.99
... A41: ='Bon de commande'!B55 -> 0 | C41: ='Bon de commande'!C55 -> 5907457763036 | D41: ='Bon de commande'!D55 -> Neon MIRROR LED QUEEN warm white pink dim : 32 * 36 cm | E41: ='Bon de commande'!D55 -> Neon MIRROR LED QUEEN warm white pink dim : 32 * 36 cm | V41: 20,00 - 3 | W41: ='Bon de commande'!F55+'Bon de commande'!E55 -> 13.74 | X41: ='Bon de commande'!G55 -> 26.99
A42: ='Bon de commande'!#REF! -> #REF! | C42: ='Bon de commande'!#REF! -> #REF! | D42: ='Bon de commande'!#REF! -> #REF! | E42: ='Bon de commande'!#REF! -> #REF! | V42: 20,00 - 3 | W42: ='Bon de commande'!#REF!+'Bon de commande'!#REF! -> #REF! | X42: ='Bon de commande'!#REF! -> #REF!
A43: ='Bon de commande'!B56 -> 0 | C43: ='Bon de commande'!C56 -> 5900495157256 | D43: ='Bon de commande'!D56 -> Neon PLEXI LED PUMPKIN WITH STEM orange green NNE13 | E43: ='Bon de commande'!D56 -> Neon PLEXI LED PUMPKIN WITH STEM orange green NNE13 | V43: 20,00 - 3 | W43: ='Bon de commande'!F56+'Bon de commande'!E56 -> 7.9 | X43: ='Bon de commande'!G56 -> 14.99
A44: ='Bon de commande'!B57 -> 0 | C44: ='Bon de commande'!C57 -> 5900495156563 | D44: ='Bon de commande'!D57 -> Neon PLEXI LED SKULL WITH BONE white FPNE18 | E44: ='Bon de commande'!D57 -> Neon PLEXI LED SKULL WITH BONE white FPNE18 | V44: 20,00 - 3 | W44: ='Bon de commande'!F57+'Bon de commande'!E57 -> 9.15 | X44: ='Bon de commande'!G57 -> 16.99
A45: ='Bon de commande'!B60 -> 0 | C45: ='Bon de commande'!C60 -> 5906961945761 | D45: ='Bon de commande'!D60 -> Forever Light Neon PLEXI LED GAME MODE blue red FPNE38 | E45: ='Bon de commande'!D60 -> Forever Light Neon PLEXI LED GAME MODE blue red FPNE38 | V45: 20,00 - 3 | W45: ='Bon de commande'!F60+'Bon de commande'!E60 -> 18.74 | X45: ='Bon de commande'!G60 -> 29.99
A46: ='Bon de commande'!B62 -> 0 | C46: ='Bon de commande'!C62 -> 5906961927743 | D46: ='Bon de commande'!D62 -> Forever Light Neon PLEXI LED GAME multicolor FPNE40 | E46: ='Bon de commande'!D62 -> Forever Light Neon PLEXI LED GAME multicolor FPNE40 | V46: 20,00 - 3 | W46: ='Bon de commande'!F62+'Bon de commande'!E62 -> 14.74 | X46: ='Bon de commande'!G62 -> 29.99
A47: ='Bon de commande'!B63 -> 0 | C47: ='Bon de commande'!C63 -> 5900495949400 | D47: ='Bon de commande'!D63 -> Neon LED Light HEART red Bat + USB FLNEO7 Dimensions (mm) LxWxH:20 x 2 x 21 cm | E47: ='Bon de commande'!D63 -> Neon LED Light HEART red Bat + USB FLNEO7 Dimensions (mm) LxWxH:20 x 2 x 21 cm | V47: 20,00 - 3 | W47: ='Bon de commande'!F63+'Bon de commande'!E63 -> 8.07 | X47: ='Bon de commande'!G63 -> 14.99
A48: ='Bon de commande'!#REF! -> #REF! | C48: ='Bon de commande'!#REF! -> #REF! | D48: ='Bon de commande'!#REF! -> #REF! | E48: ='Bon de commande'!#REF! -> #REF! | V48: 20,00 - 3 | W48: ='Bon de commande'!#REF!+'Bon de commande'!#REF! -> #REF! | X48: ='Bon de commande'!#REF! -> #REF!
A49: ='Bon de commande'!#REF! -> #REF! | C49: ='Bon de commande'!#REF! -> #REF! | D49: ='Bon de commande'!#REF! -> #REF! | E49: ='Bon de commande'!#REF! -> #REF! | V49: 20,00 - 3 | W49: ='Bon de commande'!#REF!+'Bon de commande'!#REF! -> #REF! | X49: ='Bon de commande'!#REF! -> #REF!
A50: ='Bon de commande'!#REF! -> #REF! | C50: ='Bon de commande'!#REF! -> #REF! | D50: ='Bon de commande'!#REF! -> #REF! | E50: ='Bon de commande'!#REF! -> #REF! | V50: 20,00 - 3 | W50: ='Bon de commande'!#REF!+'Bon de commande'!#REF! -> #REF! | X50: ='Bon de commande'!#REF! -> #REF!
A51: ='Bon de commande'!#REF! -> #REF! | C51: ='Bon de commande'!#REF! -> #REF! | D51: ='Bon de commande'!#REF! -> #REF! | E51: ='Bon de commande'!#REF! -> #REF! | V51: 20,00 - 3 | W51: ='Bon de commande'!#REF!+'Bon de commande'!#REF! -> #REF! | X51: ='Bon de commande'!#REF! -> #REF!
A52: ='Bon de commande'!#REF! -> #REF! | C52: ='Bon de commande'!#REF! -> #REF! | D52: ='Bon de commande'!#REF! -> #REF! | E52: ='Bon de commande'!#REF! -> #REF! | V52: 20,00 - 3 | W52: ='Bon de commande'!#REF!+'Bon de commande'!#REF! -> #REF! | X52: ='Bon de commande'!#REF! -> #REF!
A53: ='Bon de commande'!#REF! -> #REF! | C53: ='Bon de commande'!#REF! -> #REF! | D53: ='Bon de commande'!#REF! -> #REF! | E53: ='Bon de commande'!#REF! -> #REF! | V53: 20,00 - 3 | W53: ='Bon de commande'!#REF!+'Bon de commande'!#REF! -> #REF! | X53: ='Bon de commande'!#REF! -> #REF!
A54: ='Bon de commande'!#REF! -> #REF! | C54: ='Bon de commande'!#REF! -> #REF! | D54: ='Bon de commande'!#REF! -> #REF! | E54: ='Bon de commande'!#REF! -> #REF! | V54: 20,00 - 3 | W54: ='Bon de commande'!#REF!+'Bon de commande'!#REF! -> #REF! | X54: ='Bon de commande'!#REF! -> #REF!
A55: ='Bon de commande'!#REF! -> #REF! | C55: ='Bon de commande'!#REF! -> #REF! | D55: ='Bon de commande'!#REF! -> #REF! | E55: ='Bon de commande'!#REF! -> #REF! | V55: 20,00 - 3 | W55: ='Bon de commande'!#REF!+'Bon de commande'!#REF! -> #REF! | X55: ='Bon de commande'!#REF! -> #REF!
A56: ='Bon de commande'!#REF! -> #REF! | C56: ='Bon de commande'!#REF! -> #REF! | D56: ='Bon de commande'!#REF! -> #REF! | E56: ='Bon de commande'!#REF! -> #REF! | V56: 20,00 - 3 | W56: ='Bon de commande'!#REF!+'Bon de commande'!#REF! -> #REF! | X56: ='Bon de commande'!#REF! -> #REF!
A57: ='Bon de commande'!#REF! -> #REF! | C57: ='Bon de commande'!#REF! -> #REF! | D57: ='Bon de commande'!#REF! -> #REF! | E57: ='Bon de commande'!#REF! -> #REF! | V57: 20,00 - 3 | W57: ='Bon de commande'!#REF!+'Bon de commande'!#REF! -> #REF! | X57: ='Bon de commande'!#REF! -> #REF!
A58: ='Bon de commande'!#REF! -> #REF! | C58: ='Bon de commande'!#REF! -> #REF! | D58: ='Bon de commande'!#REF! -> #REF! | E58: ='Bon de commande'!#REF! -> #REF! | V58: 20,00 - 3 | W58: ='Bon de commande'!#REF!+'Bon de commande'!#REF! -> #REF! | X58: ='Bon de commande'!#REF! -> #REF!
A59: ='Bon de commande'!#REF! -> #REF! | C59: ='Bon de commande'!#REF! -> #REF! | D59: ='Bon de commande'!#REF! -> #REF! | E59: ='Bon de commande'!#REF! -> #REF! | V59: 20,00 - 3 | W59: ='Bon de commande'!#REF!+'Bon de commande'!#REF! -> #REF! | X59: ='Bon de commande'!#REF! -> #REF!
... A61: ='Bon de commande'!#REF! -> #REF! | C61: ='Bon de commande'!#REF! -> #REF! | D61: ='Bon de commande'!#REF! -> #REF! | E61: ='Bon de commande'!#REF! -> #REF! | V61: 20,00 - 3 | W61: ='Bon de commande'!#REF!+'Bon de commande'!#REF! -> #REF! | X61: ='Bon de commande'!#REF! -> #REF!
